AoeStats
← DLAGON_MILENALIO

Glade

503237341Analyzed
1v1 RM · 11d ago on Aug 30, 2026· 34m 57s· 2 players
Game mode
Random Map
Map size
Tiny (2 player)
Population
200
Speed
Normal
Resources
Standard
Victory
Conquest
Starting age
Dark Age
Ending age
Imperial Age
RankedLock teamsTeams togetherTeam positionsShared explorationLock speedFull tech treeHidden civsTurbo modeCheats
Victory
Defeat
🇩🇪 Malay · Germany
1187
+16
🇨🇴 Magyars · Colombia
1177
-16
DLAGON_MILENALIO
7:20 Loom
9:36 Feudal Age
10:26 Horse Collar
22:11 Castle Age
20:27 Fletching
21:28 Scale Barding Armor
21:23 Double-Bit Axe
22:03 Bloodlines
23:16 Chain Barding Armor
25:19 Town Watch
27:08 Husbandry
28:18 Pikeman
28:30 Light Cavalry
30:11 Devotion
32:44 Wheelbarrow
Yucatar
3:24 Loom
10:39 Feudal Age
12:17 Man-at-Arms
14:30 Wheelbarrow
15:02 Double-Bit Axe
15:07 Horse Collar
21:11 Castle Age
22:13 Bow Saw
22:04 Heavy Plow
24:03 Scale Barding Armor
24:51 Husbandry
24:31 Pikeman
25:12 Squires
25:42 Forging
29:26 Town Watch
31:56 Hand Cart
36:05 Imperial Age
Connection lost

Rejoining the realm…

Still unreachable

The connection could not be restored.

Session expired

The server has moved on; the page needs a fresh start.